Map: Emerald City LE

Players

Massa - Winner!

  • Race: Terran Terran
  • League: Platinum
  • Spawn Location: 5:00

qqq - Winner!

  • Race: Protoss Protoss
  • Spawn Location: 5:00

Kamay

  • Race: Protoss Protoss
  • Spawn Location: 11:00

traktorist

  • Race: Protoss Protoss
  • Spawn Location: 11:00

VOD

Have the link to the VOD?

Description

Time

  • Played on: Nov. 4, 2020, 1:49 p.m.
  • Length: 3:04
Show
View Real Time Build Order
Export as new Build Order

Massa Terran - Winner!

Build Orders: Gas First Reaper Expand 

Get SALT Encoding   

  12  0:00  SCV  
  13  0:12  SCV  
  14  0:21  Supply Depot  
  14  0:24  SCV  
  15  0:31  Refinery  
  15  0:43  SCV  
  15  0:45  Barracks  
  16  0:55  SCV  
  17  1:07  SCV  
  18  1:19  SCV  
  19  1:32  Reaper  
  21  1:34  Orbital Command  
  20  1:43  Command Center  
  20  2:00  SCV  
  21  2:02  Supply Depot  
  21  2:11  Factory  
  21  2:15  Barracks Reactor  
  21  2:17  SCV  
  22  2:29  SCV  
  24  2:58  Factory Tech Lab  
Show
View Real Time Build Order
Export as new Build Order

qqq Protoss - Winner!

Build Orders: Cannon Rush 

Get SALT Encoding   

  12  0:00  Probe  
  13  0:15  Pylon  
  13  0:22  Probe  
  14  0:34  Forge  
  14  0:35  Probe  
  15  0:50  Probe  
  16  1:00  Pylon  
  16  1:03  Probe  
  17  1:11  Pylon  
  17  1:19  Pylon  
  17  1:32  Photon Cannon  
  17  1:33  Photon Cannon  
  17  1:43  Photon Cannon  
  17  1:54  Photon Cannon  
  17  2:13  Pylon  
  17  2:32  Photon Cannon  
  17  2:35  Photon Cannon  
  17  2:36  Pylon  
  17  2:55  Photon Cannon  
  17  2:57  Pylon  
  17  3:00  Photon Cannon  
Show
View Real Time Build Order
Export as new Build Order

Kamay Protoss 

Build Orders: Double Forge 

Get SALT Encoding   

  12  0:03  Probe  
  13  0:15  Probe  
  14  0:27  Probe  
  15  0:29  Pylon  
  15  0:35  Assimilator  
  15  0:47  Probe  
  15  0:48  Gateway  
  16  0:53  Assimilator  
  16  0:59  Probe  
  17  1:11  Probe  
  18  1:23  Probe  
  19  1:26  Forge  
  19  1:38  Pylon  
  19  1:39  Probe  
  20  1:59  Gateway  
  20  2:02  Gateway  
  20  2:04  Gateway  
  20  2:18  Forge  
  20  2:25  Probe  
  20  2:58  Photon Cannon  
  20  2:59  Photon Cannon  
Show
View Real Time Build Order
Export as new Build Order

traktorist Protoss 

Build Orders:  

Get SALT Encoding   

  12  0:00  Probe  
  13  0:13  Probe  
  14  0:25  Probe  
  15  0:30  Pylon  
  15  0:51  Gateway  
  15  0:57  Probe (Chrono Boost)  
  16  1:00  Assimilator  
  16  1:06  Probe (Chrono Boost)  
  17  1:11  Probe (Chrono Boost)  
  18  1:23  Probe (Chrono Boost)  
  19  1:32  Probe (Chrono Boost), Gateway  
  20  1:57  Pylon  
  20  2:00  Probe  
  21  2:05  Pylon, Assimilator  
  20  2:12  Probe  
  21  2:24  Probe  
Tags
 
Add a new tag
Caveats
  • Supply blocks, unpowered buildings, or Contaminate may cause inaccurate times.
  • Supply counts are checked every 10 seconds.